 Dungeon Crawl Stone Soup version 0.19.1 (webtiles) character file.

7 SQman the Scratcher (level 1, 0/9 HPs)
             Began as a Felid Wanderer on Dec 6, 2016.
             Slain by a giant cockroach (2 damage)
             ... on level 1 of the Dungeon.
             The game lasted 00:01:44 (175 turns).

SQman the Scratcher (Felid Wanderer)                 Turns: 175, Time: 00:01:44

Health: 0/9        AC:  1    Str:  8    XL:     1   Next: 91%
Magic:  0/3        EV: 16    Int: 12    God:
Gold:   6          SH:  0    Dex: 16    Spells: 1 memorised, 1 level left
                                        Lives:  0   Deaths: 0

rFire  . . .     SeeInvis +       - Unarmed
rCold  . . .     Gourm    .     (armour unavailable)
rNeg   . . .     Faith    .     (shield unavailable)
rPois  .         Spirit   .     (helmet unavailable)
rElec  .         Reflect  .     (cloak unavailable)
rCorr  .         Harm     .     (gloves unavailable)
MR     .....                    (boots unavailable)
Stlth  ++........               (no amulet)
                                (no ring)
                                (no ring)

@: very slightly contaminated, quick
A: no armour, no weapons or thrown items, stealth, claws 1, fangs 3, see
invisible, carnivore 3, speed 1, shaggy fur 1, slow metabolism 1, sharp paws
a: no special abilities


You were on level 1 of the Dungeon.
You were not hungry.

You visited 1 branch of the dungeon, and saw 1 of its levels.

You collected 6 gold pieces.

Inventory:

Potions
 b - 2 potions of curing
Books
 a - a book of Minor Magic

   Spells                             Type                      Level
   a - Magic Dart                     Conjuration                  1
   b - Blink                          Translocation                2
   c - Call Imp                       Summoning                    2
   d - Repel Missiles                 Charms/Air                   2
   e - Slow                           Hexes                        2
   f - Conjure Flame                  Conjuration/Fire             3
   g - Mephitic Cloud                 Conjuration/Poison/Air       3
Comestibles
 c - a meat ration
 d - 2 chunks of flesh


   Skills:
 + Level 1.0 Fighting
 + Level 1.3 Dodging
 + Level 1.3 Stealth
 + Level 3.5 Unarmed Combat
 + Level 1.0 Spellcasting
 + Level 0.1 Conjurations
   Level 1.2 Charms
   Level 1.0 Necromancy
   Level 1.1 Evocations


You had one spell level left.
You knew the following spells:

 Your Spells              Type           Power        Failure   Level  Hunger
a - Magic Dart            Conj           #...         34%         1    ##.....


Dungeon Overview and Level Annotations

Branches:
Dungeon (1/15)

Altars:


Innate Abilities, Weirdness & Mutations

You cannot wear armour.
You are incapable of wielding weapons or throwing items.
Your paws allow you to move quietly. (Stealth)
You have sharp claws.
You have razor-sharp teeth.
You have supernaturally acute eyesight. (SInv)
You are carnivorous and can eat meat at any time.
You cover ground quickly.
You are covered in fur. (AC +1)
You have a slow metabolism.
Your sharp claws are effective at attacking unaware monsters.


Message History

The hobgoblin completely misses you.
You claw the hobgoblin!
You kill the hobgoblin!
The giant cockroach closely misses you.
You barely miss the ball python. The giant cockroach closely misses you.
The ball python misses you. The ball python grabs you.
The ball python constricts you.
You scratch the ball python but do no damage.
The giant cockroach closely misses you. The ball python barely misses you.
The ball python constricts you.
You scratch the ball python.
The ball python is heavily wounded.
The giant cockroach bites you but does no damage.
The ball python barely misses you. The ball python constricts you.
You scratch the ball python.
You kill the ball python!
The giant cockroach bites you.
* * * LOW HITPOINT WARNING * * *
The giant cockroach bites you.
You die...

#######.#..#
........#...# .
#######.#.... ..
#.##... ... #.#####
.... #.# ###
.....#############.#
...
.......s...........#
...
.......@...........#
..#
..!..#.###########.#
#### #. #.# #. #.#
#. #.# #. #.# . #.
#.. #.


You could see a giant cockroach.

Vanquished Creatures
  A dart slug (D:1)
  A bat (D:1)
  A hobgoblin (D:1)
  2 ball pythons (D:1)
5 creatures vanquished.

Notes
Turn   | Place    | Note
-------+----------+-------------------------------------------
     0 | D:1      | SQman the Felid Wanderer began the quest for the Orb.
     0 | D:1      | SQman set off with: a book of Minor Magic, 2 potions of curing, a meat ration
     0 | D:1      | Reached XP level 1. HP: 9/9 MP: 3/3
     2 | D:1      | Learned a level 1 spell: Magic Dart
   175 | D:1      | Slain by a giant cockroach

Action                   || total
-------------------------++-------
Melee: Unarmed           ||    17
       Punch             ||     1
 Cast: Magic Dart        ||     3
  Use: Scroll            ||     1
Armor: Skin              ||     1
Dodge: Dodged            ||    14
